 Dungeon Crawl Stone Soup version 0.21.1 (webtiles) character file.

311074 pk666 the Executioner (level 20, 0/280 HPs)
             Began as a Minotaur Berserker on Feb 4, 2018.
             Was the Champion of Trog.
             Killed by divine providence
             ... invoked by a daeva
              (12 damage)
             ... on level 3 of the Abyss on Feb 5, 2018.
             The game lasted 03:58:00 (54960 turns).

pk666 the Executioner (Minotaur Berserker)         Turns: 54960, Time: 03:58:01

Health: 0/280      AC: 30    Str: 29    XL:     20   Next: 41%
Magic:  6/6        EV:  2    Int: 12    God:    Trog [******]
Gold:   846        SH:  0    Dex: 12    Spells: 19/19 levels left

rFire    + + +     SeeInvis +   a - +4 executioner's axe of the Onslaught {antimagic, *Corrode rF++ Int+3 Stlth+}
rCold    . . .     Gourm    +   (shield currently unavailable)
rNeg     + + +     Faith    .   (armour currently unavailable)
rPois    +         Spirit   .   (helmet currently unavailable)
rElec    +         Reflect  .   (cloak currently unavailable)
rCorr    .         Harm     .   (gloves currently unavailable)
MR       +....     NoTele   +   (boots currently unavailable)
Stlth    +.........             I - amulet of the gourmand
HPRegen  0.56/turn              d - ring of Acvem {*Drain rF++ Int+5 SInv}
MPRegen  0.10/turn              n - ring of Ropeph {rElec rF+ rN+ Slay+2}

@: tree-form, very slightly contaminated, glowing
A: (retaliatory headbutt), MP-powered wands
}: 2/15 runes: serpentine, barnacled
a: Berserk, Trog's Hand, Brothers in Arms, Burn Spellbooks, Renounce Religion


You were on level 3 of the Abyss.
You worshipped Trog.
Trog was exalted by your worship.
You were very full.
You were a tree.
You visited 7 branches of the dungeon, and saw 35 of its levels.
You visited the Abyss 2 times.
You also visited: Sewer, Ice Cave and Volcano.

You collected 3628 gold pieces.
You spent 2782 gold pieces at shops.

Inventory:

Hand Weapons
 a - the +4 executioner's axe of the Onslaught (weapon) {antimagic, *Corrode rF++ Int+3 Stlth+}
   (Trog gifted it to you on level 4 of the Snake Pit)

   It reduces the magical energy of the wielder, and disrupts the spells and
   magical abilities of those hit.
   Natural abilities and divine invocations are not affected.
   It affects your intelligence (+3).
   It greatly protects you from fire.
   It may corrode you when you take damage.
   It makes you more stealthy.
 b - a +6 triple crossbow of freezing
 K - the +9 arbalest of a wizard's laboratory {velocity, Int+6 Dex-2}
   (Trog gifted it to you on level 2 of the Elven Halls)

   Any bolt fired from it inflicts extra damage.
   It affects your intelligence (+6).
   It affects your dexterity (-2).
Missiles
 B - 821 bolts
Armour
 h - the +2 ratskin cloak (melded) {+Rats rPois rN+ Str-1 Int-1 Dex+1}
   (You bought it in a shop on level 2 of the Orcish Mines)

   It affects your strength (-1).
   It affects your intelligence (-1).
   It affects your dexterity (+1).
   It protects you from poison.
   It protects you from negative energy.
 l - the +0 mask of the Dragon (melded) {MR+ Slay+3 SInv}
   (You bought it in a shop on level 2 of the Orcish Mines)

   It affects your accuracy and damage with ranged weapons and melee attacks
   (+3).
   It affects your resistance to hostile enchantments.
   It lets you see invisible.
 p - the +1 pair of gloves of Wypnurut (melded) {MR+ Str+3}
   (You bought it in a shop on level 3 of the Snake Pit)

   It affects your strength (+3).
   It affects your resistance to hostile enchantments.
 w - a +2 pair of gloves
 R - a +5 plate armour of fire resistance (melded)
 W - a +0 pair of boots (melded)
Jewellery
 d - the ring of Acvem (left branch) {*Drain rF++ Int+5 SInv}
   (You acquired it on level 1 of the Lair of Beasts)

   [ring of see invisible]

   It affects your intelligence (+5).
   It greatly protects you from fire.
   It lets you see invisible.
   It causes draining when unequipped.
 m - a +3 ring of dexterity
 n - the ring of Ropeph (right branch) {rElec rF+ rN+ Slay+2}
   (You acquired it on level 1 of the Lair of Beasts)

   [ring of slaying]

   It affects your accuracy and damage with ranged weapons and melee attacks
   (+2).
   It protects you from fire.
   It insulates you from electricity.
   It protects you from negative energy.
 t - a +4 ring of protection
 I - an amulet of the gourmand (around neck)
 O - an uncursed ring of positive energy
 S - an uncursed amulet of harm
 U - the amulet of Edisarar {Spirit rC+}
   (You took it off a deep elf elementalist on level 3 of the Elven Halls)

   [amulet of guardian spirit]

   It causes incoming damage to be split between your health and magic.
   It protects you from cold.
 V - an uncursed ring of flight {unknown}
Wands
 o - a wand of acid (10)
 v - a wand of flame (24)
 y - a wand of scattershot (11)
 A - a wand of paralysis (25)
 G - a wand of polymorph (22)
 H - a wand of disintegration (25)
 Q - a wand of digging (29)
 Y - a wand of iceblast (8)
Scrolls
 i - 4 scrolls of magic mapping
 k - 18 scrolls of teleportation
 q - 22 scrolls of remove curse
 r - 25 scrolls of identify
 s - a scroll of summoning
 x - a scroll of fog
 C - 2 scrolls of fear
 E - a scroll of enchant weapon
 M - 6 scrolls of blinking
Potions
 e - 6 potions of lignification
 f - 2 potions of resistance
 g - 13 potions of curing
 j - 5 potions of might
 z - 4 potions of invisibility
 D - 2 potions of haste
 F - 2 potions of flight
 L - 6 potions of agility
 N - 4 potions of ambrosia
 P - a potion of berserk rage
 T - 5 potions of cancellation
Miscellaneous
 u - a phantom mirror
 J - a lightning rod (4/4)
 X - a lightning rod (4/4)
Comestibles
 c - 61 rations
 Z - 6 chunks of flesh


   Skills:
 + Level 18.1 Fighting
 * Level 23.4 Axes
 + Level 18.0 Crossbows
 + Level 17.1 Armour
 + Level 16.0 Dodging


You had 19 spell levels left.
You didn't know any spells.

Dungeon Overview and Level Annotations

Branches:
Dungeon (15/15)            Temple (1/1) D:4            Lair (6/6) D:9
 Shoals (4/4) Lair:3        Snake (4/4) Lair:2        Slime (0/5) Lair:6
    Orc (2/2) D:10            Elf (3/3) Orc:2        Vaults (0/5) D:13
 Depths: D:15

Altars:
Elyvilon
Fedhas
Hepliaklqana
Kikubaaqudgha
Makhleb
Nemelex Xobeh
Okawaru
Ru
Sif Muna
Vehumet
Xom
Yredelemnul
Zin
The Shining One

Shops:
D:5 }   D:8 (   Orc:1 }(   Orc:2 *[(:   Elf:3 (   Shoals:3 :   Snake:3 ([*%

Portals:
Trove: Elf:1 (give +4 demon trident)


Innate Abilities, Weirdness & Mutations

((You reflexively headbutt those who attack you in melee.))
((You have a pair of horns on your head.))
You expend magic power (3 MP) to strengthen your wands.


Message History

You stumble backwards!
You slice the thrashing horror!!
You destroy the thrashing horror!
Trog accepts your kill.
The daeva calls down the wrath of the Shining One upon you.
The Shining One smites you!
* * * LOW HITPOINT WARNING * * *
The daeva calls down the wrath of the Shining One upon you.
The Shining One smites you!
* * * LOW HITPOINT WARNING * * *
You turn into a tree.
The +2 ratskin cloak {+Rats rPois rN+ Str-1 Int-1 Dex+1} melds into your body.
The +0 mask of the Dragon {MR+ Slay+3 SInv} melds into your body.
The +1 pair of gloves of Wypnurut {MR+ Str+3} melds into your body.
Your +0 pair of boots melds into your body.
Your +5 plate armour of fire resistance melds into your body.
You feel less resistant to fire.
Your roots penetrate the ground.
The daeva calls down the wrath of the Shining One upon you.
The Shining One smites you!
You die...

. ...###.....
# #.#... #..
# #...Z.#.#
#.# #..###
### #
########.##..
.#..
##.#..#.#...
#.....#.w###
#.##§#A##..#
#.#..#..♣...#
#..##.#.#...#
#
####.#.....#
. ##..#. .#
#.. .. # ##


You could see a daeva.

Vanquished Creatures
  Mara (Shoals:4)
  Vashnia (Snake:3)
  Nikola (Shoals:3)
  A hellephant (Abyss:3)
  2 deep elf blademasters (Elf:3)
  2 deep elf master archers (Elf:3)
  2 krakens
  Polyphemus (Shoals:2)
  A tentacled starspawn (Abyss:3)
  Gastronok (Lair:1)
  Donald (Shoals:2)
  Ilsuiw (Shoals:4)
  A frost giant (Shoals:4)
  12 nagarajas
  Aizul (Snake:3)
  A cacodemon (Abyss:3)
  Louise (Snake:3)
  5 deep elf sorcerers
  An orc warlord (Orc:2)
  5 deep elf elementalists (Elf:3)
  5 deep elf demonologists
  An ophan (Abyss:3)
  7 deep elf annihilators (Elf:3)
  Azrael (Snake:3)
  A merfolk javelineer (Shoals:4)
  The ghost of Zorot the Fighter, a journeyman FoFi of Qazlal (D:11)
  4 deep elf death magi (Elf:3)
  A blizzard demon (Abyss:3)
  Josephine (D:13)
  9 merfolk impalers
  2 deep elf high priests (Elf:3)
  Fannar (Lair:3)
  12 naga warriors
  3 catoblepae
  3 merfolk avatars
  12 hydras
  The ghost of shakethe the Basher, a novice MiBe of Trog (D:10)
  12 anacondas
  The ghost of JeronimusCornelisz the Cleaver, a novice MiBe of Trog (D:8)
  23 dancing weapons
  An alligator snapping turtle (Shoals:4)
  4 satyrs
  3 hell hogs (Abyss:3)
  A queen ant (Lair:2)
  4 two-headed ogres
  3 merfolk aquamancers
  13 death yaks
  16 naga sharpshooters
  8 orc high priests
  5 thrashing horrors (Abyss:3)
  7 shock serpents
  19 deep elf knights
  The ghost of Paps the Protected, a novice GrFi (D:9)
  7 sea snakes
  A wretched star (Abyss:3)
  3 salamander mystics
  A sixfirhy (Abyss:3)
  4 starcursed masses (Abyss:3)
  6 wizards
  A death drake (shapeshifter) (Abyss:3)
  An unseen horror (D:12)
  A wolf spider zombie (D:13)
  9 deep elf archers
  Pikel (D:4)
  6 orc sorcerers (Orc:2)
  13 harpies
  11 naga ritualists
  A necromancer (D:13)
  An orc knight (Orc:2)
  51 deep elf magi
  10 mana vipers
  8 oklob plants
  11 fauns
  3 ugly things
  12 salamanders
  6 manticores
  15 elephants
  3 cyclopes
  14 merfolk sirens
  7 guardian serpents
  A rust devil (Abyss:3)
  37 black mambas
  5 toenail golems (Volcano)
  8 spiny frogs
  8 water nymphs
  18 naga magi
  A torpor snail (Lair:6)
  2 smoke demons (Abyss:3)
  2 gargoyles
  2 ice statues (IceCv)
  4 rime drakes
  4 demonic crawlers (Elf:1)
  7 komodo dragons
  2 kobold demonologists
  2 ancient zymes (Abyss:3)
  29 merfolk
  4 polar bears (Lair:6)
  A hornet (shapeshifter) (Elf:1)
  3 wind drakes
  A hornet (D:13)
  9 trolls
  4 blink frogs
  4 raiju (Abyss:3)
  A tyrant leech (Abyss:3)
  A meliai zombie (D:11)
  Prince Ribbit (D:5)
  2 slime creatures (D:13)
  9 dream sheep
  The ghost of letownia3 the Conjurer, an amateur DsWz (D:5)
  12 hippogriffs
  9 snapping turtles
  3 air elementals
  11 water elementals
  2 vampires
  52 yaks
  2 shadows
  Sigmund (D:3)
  4 wraiths (D:13)
  10 wyverns
  A ynoxinul (Abyss:3)
  5 fire elementals
  Eustachio (D:4)
  6 vampire mosquitoes
  A steam dragon (D:8)
  A hungry ghost (D:12)
  5 large abominations (Abyss:3)
  Edmund (D:4)
  7 basilisks
  A chaos spawn (Abyss:3)
  10 wargs
  51 nagas
  An acid dragon (D:13)
  Duvessa (D:7)
  5 soldier ants (Lair:2)
  11 water moccasins
  3 hell hounds (Snake:3)
  7 porcupines
  15 ice beasts
  33 orc warriors
  A slave (D:4)
  5 phantoms
  An ice beast (shapeshifter) (D:13)
  4 sky beasts
  An eye of draining (D:9)
  4 black bears
  9 ogres
  A sky beast (shapeshifter) (D:13)
  12 centaurs
  7 wolves (Lair:6)
  15 crocodiles
  14 bullfrogs
  5 big kobolds
  2 earth elementals (Elf:2)
  Dowan (D:7)
  A small abomination (Abyss:3)
  3 scorpions
  A water moccasin skeleton (D:8)
  3 killer bees (D:11)
  2 vampire bats (D:4)
  10 wights
  5 howler monkeys
  3 crimson imps
  3 centaur zombies
  18 orc priests
  A jelly (D:13)
  Crazy Yiuf (D:2)
  2 bullfrog skeletons
  3 centaur skeletons
  10 hounds
  An iron imp (Abyss:3)
  Jessica (D:3)
  Natasha (twice) (D:2)
  4 iguanas
  20 orc wizards
  15 worker ants
  A killer bee zombie (D:8)
  A hound zombie (D:11)
  A hound skeleton (D:3)
  12 adders
  2 river rats
  A shadow imp (D:13)
  A white imp (Abyss:3)
  2 ufetubi (Abyss:3)
  2 oozes (Sewer)
  2 adder skeletons
  4 worms
  3 dart slugs
  6 leopard geckos
  78 orcs
  8 bats
  8 giant cockroaches
  2 goblins (D:1)
  5 hobgoblins
  7 jackals
  2 quokkas (D:5)
  7 ball pythons
  A ball python skeleton (D:5)
  2 frilled lizards
  19 kobolds
  6 rats
  5 crawling corpses (Elf:3)
  5 fungi
  A lurking horror (Abyss:3)
  23 plants
  9 tentacles
1297 creatures vanquished.

Vanquished Creatures (collateral kills)
  A dire elephant (Lair:6)
  A merfolk impaler (Shoals:4)
  2 merfolk javelineers (Shoals:4)
  A merfolk avatar (Shoals:4)
  A deep troll shaman (Lair:6)
  An ugly thing (IceCv)
  A naga mage (Snake:4)
  A snapping turtle (Shoals:4)
  2 nagas (Snake:4)
  An ice beast (IceCv)
  A plant (Lair:1)
13 creatures vanquished.

Vanquished Creatures (others)
  A merfolk aquamancer (Shoals:4)
  A hound skeleton (D:4)
  13 fungi
  22 plants
  22 tentacles
59 creatures vanquished.

Grand Total: 1369 creatures vanquished

Notes
Turn   | Place    | Note
-------+----------+-------------------------------------------
     0 | D:1      | pk666 the Minotaur Berserker began the quest for the Orb.
     0 | D:1      | Reached XP level 1. HP: 19/19 MP: 0/0
   120 | D:1      | Reached skill level 4 in Axes
   137 | D:1      | Reached XP level 2. HP: 27/27 MP: 1/1
   582 | D:2      | Found a runed door.
   586 | D:2      | Noticed Crazy Yiuf
   591 | D:2      | Killed Crazy Yiuf
   591 | D:2      | Reached XP level 3. HP: 18/34 MP: 0/2
   802 | D:2      | Noticed Natasha
   812 | D:2      | Killed Natasha
   812 | D:2      | Reached skill level 5 in Fighting
   812 | D:2      | Reached XP level 4. HP: 39/42 MP: 3/3
   890 | D:2      | Reached skill level 5 in Axes
  1097 | D:2      | Noticed a phantom
  1119 | D:2      | Killed a phantom
  1119 | D:2      | Reached XP level 5. HP: 20/50 MP: 4/4
  1492 | D:2      | Found a glowing golden altar of the Shining One.
  1732 | D:2      | Noticed Natasha
  1738 | D:2      | Killed Natasha
  1738 | D:2      | Reached skill level 6 in Axes
  1888 | D:3      | Reached ** piety under Trog
  1941 | D:3      | Reached XP level 6. HP: 42/57 MP: 5/5
  2071 | D:3      | Found a white marble altar of Elyvilon.
  2338 | D:3      | Noticed Sigmund
  2354 | D:3      | Killed Sigmund
  2354 | D:3      | Reached skill level 7 in Axes
  2461 | D:3      | Noticed Jessica
  2464 | D:3      | Killed Jessica
  3029 | D:4      | Found the +4 Vampire's Tooth {vamp}
  3033 | D:4      | Reached XP level 7. HP: 66/66 MP: 6/6
  3090 | D:4      | Noticed Edmund
  3102 | D:4      | Killed Edmund
  3188 | D:4      | Found a staircase to the Ecumenical Temple.
  3208 | Temple   | Entered the Ecumenical Temple
  3231 | D:4      | Noticed Pikel
  3246 | D:4      | Killed Pikel
  3246 | D:4      | Reached skill level 9 in Axes
  3246 | D:4      | Reached XP level 8. HP: 55/74 MP: 7/7
  3529 | D:4      | Found a basalt altar of Yredelemnul.
  3591 | D:5      | Entered Level 5 of the Dungeon
  3632 | D:5      | Noticed Eustachio
  3633 | D:5      | Noticed Prince Ribbit
  3760 | D:4      | Killed Eustachio
  3961 | D:5      | Noticed letownia3's ghost (amateur DsWz)
  4144 | D:5      | Killed letownia3's ghost
  4144 | D:5      | Reached skill level 5 in Armour
  4184 | D:5      | Killed Prince Ribbit
  4411 | D:5      | Reached skill level 10 in Axes
  4422 | D:5      | Found a burning altar of Makhleb.
  4460 | D:5      | Reached *** piety under Trog
  4814 | D:5      | Reached XP level 9. HP: 64/83 MP: 8/8
  4902 | D:5      | Found Xen Sonu's Gadget Shop.
  4960 | D:6      | Received a gift from Trog
  5021 | D:6      | Found a deep blue altar of Sif Muna.
  5071 | D:6      | Found a glowing drain.
  5113 | Sewer    | Entered a sewer
  5407 | Sewer    | Reached skill level 11 in Axes
  6460 | D:7      | Noticed Duvessa
  6460 | D:7      | Noticed Dowan
  6476 | D:7      | Killed Duvessa
  6603 | D:7      | Killed Dowan
  6931 | D:7      | Reached **** piety under Trog
  7095 | D:8      | Reached skill level 10 in Fighting
  7107 | D:8      | Found a hazy altar of Hepliaklqana.
  7149 | D:8      | Reached skill level 12 in Axes
  7212 | D:8      | Noticed JeronimusCornelisz's ghost (novice MiBe)
  7226 | D:8      | Killed JeronimusCornelisz's ghost
  7226 | D:8      | Reached XP level 10. HP: 93/94 MP: 9/9
  7462 | D:8      | Found a radiant altar of Vehumet.
  7705 | D:8      | Found Lone's Antique Weapon Boutique.
  7725 | D:8      | Bought a runed arbalest for 195 gold pieces
  7977 | D:9      | Noticed Paps's ghost (novice GrFi)
  7998 | D:9      | Killed Paps's ghost
  7998 | D:9      | Reached skill level 13 in Axes
  8071 | D:9      | Found a staircase to the Lair.
  8255 | D:9      | Received a gift from Trog
  8312 | D:9      | Noticed a two-headed ogre
  8333 | D:9      | Killed a two-headed ogre
  8774 | D:9      | Reached ***** piety under Trog
  8862 | D:9      | Reached XP level 11. HP: 82/102 MP: 10/10
  9002 | D:9      | Found an iron altar of Okawaru.
  9174 | D:10     | Entered Level 10 of the Dungeon
  9245 | D:10     | Found a shimmering altar of Xom.
  9248 | D:10     | Found a shimmering altar of Xom.
  9248 | D:10     | Found a shimmering altar of Xom.
  9249 | D:10     | Found a shimmering altar of Xom.
  9249 | D:10     | Found a shimmering altar of Xom.
  9249 | D:10     | Found a shimmering altar of Xom.
  9249 | D:10     | Found a shimmering altar of Xom.
  9250 | D:10     | You fall through a shaft for 2 floors!
  9273 | D:12     | Reached skill level 5 in Crossbows
  9284 | D:12     | Reached skill level 14 in Axes
  9867 | D:12     | Received a gift from Trog
  9998 | D:11     | Noticed a red ugly thing
 10004 | D:11     | Killed a red ugly thing
 10032 | D:11     | Noticed Zorot's ghost (journeyman FoFi)
 10310 | D:10     | Noticed shakethe's ghost (novice MiBe)
 10321 | D:10     | Killed shakethe's ghost
 10595 | D:10     | Found a staircase to the Orcish Mines.
 10765 | D:10     | Reached skill level 10 in Armour
 11435 | D:11     | Received a gift from Trog
 11758 | D:11     | Noticed a white ugly thing
 11765 | D:11     | Killed a white ugly thing
 11767 | D:11     | Noticed a four-headed hydra
 11771 | D:11     | Killed a four-headed hydra
 11771 | D:11     | Reached skill level 15 in Axes
 11771 | D:11     | Reached XP level 12. HP: 76/112 MP: 11/11
 11943 | D:11     | Killed Zorot's ghost
 12691 | D:12     | Received a gift from Trog
 13056 | D:13     | Noticed a seven-headed hydra
 13066 | D:12     | Killed a seven-headed hydra
 13345 | D:13     | Found a frozen archway.
 13429 | IceCv    | Entered an ice cave
 13441 | IceCv    | Received a gift from Trog
 13738 | IceCv    | Found a transporter.
 14698 | D:13     | Reached skill level 16 in Axes
 14791 | D:13     | Noticed a two-headed ogre
 14797 | D:13     | Killed a two-headed ogre
 14797 | D:13     | Reached skill level 10 in Crossbows
 15168 | D:13     | Received a gift from Trog
 15706 | D:13     | Received a gift from Trog
 16013 | D:13     | Reached XP level 13. HP: 115/119 MP: 12/12
 16018 | D:13     | Found a blossoming altar of Fedhas.
 16041 | D:13     | Found a gate to the Vaults.
 16355 | D:14     | Noticed Josephine
 16526 | D:13     | Killed Josephine
 16706 | D:14     | Received a gift from Trog
 17415 | D:15     | Entered Level 15 of the Dungeon
 17528 | Lair:1   | Entered Level 1 of the Lair of Beasts
 17889 | Lair:1   | Received a gift from Trog
 18087 | Lair:1   | Identified a scroll of acquirement
 18242 | Lair:1   | Noticed Gastronok
 18248 | Lair:1   | Killed Gastronok
 18248 | Lair:1   | Received a gift from Trog
 18248 | Lair:1   | Reached skill level 17 in Axes
 19420 | Lair:2   | Found a staircase to the Snake Pit.
 20764 | Lair:3   | Noticed Fannar
 20786 | Lair:3   | Killed Fannar
 20856 | Lair:3   | Found a staircase to the Shoals.
 20866 | Lair:3   | Received a gift from Trog
 21225 | Lair:3   | Reached XP level 14. HP: 130/130 MP: 13/13
 21792 | Lair:4   | Found a dark tunnel.
 21803 | Volcano  | Entered a volcano
 22427 | Lair:4   | Reached skill level 18 in Axes
 22441 | Lair:4   | Received a gift from Trog
 23254 | Lair:5   | Found a hazy altar of Hepliaklqana.
 23862 | Lair:6   | Entered Level 6 of the Lair of Beasts
 24148 | Lair:5   | Received a gift from Trog
 24648 | Lair:6   | Reached XP level 15. HP: 109/139 MP: 4/14
 25098 | Lair:6   | Reached skill level 19 in Axes
 25558 | Lair:6   | Got a slimy lead ring
 25748 | Lair:6   | Lost intelligence.
 25748 | Lair:6   | Identified the ring of Gaisseh {MP+9 AC+1 Int-5 Dex+8} (You found it on level 6 of the Lair of Beasts)
 26090 | Lair:6   | Received a gift from Trog
 26318 | Lair:6   | Found a staircase to the Slime Pits.
 26990 | Orc:1    | Entered Level 1 of the Orcish Mines
 27007 | Orc:1    | Found Koigots's Antique Weapon Shoppe.
 27040 | Orc:1    | Found Qepej Abecw's Gadget Emporium.
 27172 | Orc:1    | Reached skill level 15 in Fighting
 27615 | Orc:2    | Entered Level 2 of the Orcish Mines
 27664 | Orc:2    | Found Qeotecofu's Antique Armour Boutique.
 27734 | Orc:2    | Paralysed by an orc sorcerer for 2 turns
 27763 | Orc:2    | Noticed an orc warlord
 28488 | Orc:2    | Killed an orc warlord
 28488 | Orc:2    | Received a gift from Trog
 28587 | Orc:2    | Paralysed by an orc sorcerer for 6 turns
 28749 | Orc:2    | Found Veseuklu's Antique Weapon Shop.
 28773 | Orc:2    | Reached ****** piety under Trog
 28861 | Orc:2    | Paralysed by an orc sorcerer for 5 turns
 28871 | Orc:2    | Reached skill level 15 in Crossbows
 29147 | Orc:2    | Bought the +0 mask of the Dragon {MR+ Slay+3 SInv} for 1102 gold pieces
 29147 | Orc:2    | Found the +0 mask of the Dragon {MR+ Slay+3 SInv}
 29175 | Orc:2    | Found a staircase to the Elven Halls.
 29176 | Orc:2    | Found Awnuceh's General Store.
 29358 | Orc:2    | Found Beock's Book Emporium.
 29646 | Shoals:1 | Entered Level 1 of the Shoals
 30043 | Shoals:1 | Noticed a kraken
 30323 | Shoals:1 | Killed a kraken
 30695 | Shoals:2 | Received a gift from Trog
 30791 | Shoals:2 | Noticed Donald
 30810 | Shoals:2 | Killed Donald
 31089 | Shoals:2 | Reached XP level 16. HP: 121/149 MP: 5/15
 31164 | Shoals:2 | Noticed Polyphemus
 31183 | Shoals:2 | Killed Polyphemus
 31183 | Shoals:2 | Reached skill level 20 in Axes
 33468 | Shoals:3 | Received a gift from Trog
 34371 | Shoals:3 | Found Xoep's Book Shoppe.
 34702 | Shoals:3 | Noticed Nikola
 34728 | Shoals:3 | Killed Nikola
 35159 | Shoals:3 | Noticed a kraken
 35492 | Shoals:3 | Killed a kraken
 35618 | Shoals:4 | Entered Level 4 of the Shoals
 35892 | Shoals:4 | Received a gift from Trog
 35905 | Shoals:4 | HP: 6/151 [merfolk impaler/trident of freezing (4)]
 36862 | Shoals:4 | Got a barnacled rune of Zot
 37224 | Shoals:4 | Reached skill level 5 in Dodging
 37342 | Shoals:4 | Received a gift from Trog
 37649 | Shoals:4 | Got a bloodstained bardiche
 37650 | Shoals:4 | Identified the cursed +1 bardiche "Voacuatohyi" {venom, Str+2 Int+3} (You found it on level 4 of the Shoals)
 37782 | Shoals:4 | Reached XP level 17. HP: 100/158 MP: 5/16
 38009 | Shoals:4 | Noticed Ilsuiw
 38036 | Shoals:4 | Noticed Mara
 38041 | Shoals:4 | Killed Ilsuiw
 38052 | Shoals:4 | Killed Mara
 38692 | Shoals:4 | Reached skill level 10 in Dodging
 39403 | Orc:2    | Bought the +2 ratskin cloak {+Rats rPois rN+ Str-1 Int-1 Dex+1} for 917 gold pieces
 39403 | Orc:2    | Found the +2 ratskin cloak {+Rats rPois rN+ Str-1 Int-1 Dex+1}
 39729 | Snake:1  | Entered Level 1 of the Snake Pit
 39766 | Snake:1  | Found a glowing silver altar of Zin.
 39900 | Snake:1  | Received a gift from Trog
 40099 | Snake:1  | Found a sparkling altar of Nemelex Xobeh.
 40351 | Snake:1  | Received a gift from Trog
 41026 | Snake:2  | Found a sparkling altar of Nemelex Xobeh.
 41648 | Snake:3  | Received a gift from Trog
 42304 | Snake:3  | Noticed Aizul
 42319 | Snake:3  | Killed Aizul
 42508 | Snake:3  | Found Vurenum's Armour Shop.
 42510 | Snake:3  | Found Ginn's Food Shop.
 42524 | Snake:3  | Found Josmig's Antique Weapon Shop.
 42563 | Snake:3  | Found Biawkycs's General Store.
 42570 | Snake:3  | Noticed Vashnia
 42587 | Snake:3  | Received a gift from Trog
 43076 | Snake:3  | Reached skill level 15 in Armour
 43084 | Snake:3  | Noticed Azrael
 43091 | Snake:3  | Killed Azrael
 43092 | Snake:3  | Received a gift from Trog
 43098 | Snake:3  | Got a bloodstained battleaxe {god gift}
 43106 | Snake:3  | Reached XP level 18. HP: 115/166 MP: 17/17
 43372 | Snake:3  | Killed Vashnia
 43645 | Snake:3  | Identified the +1 battleaxe "Xateub" {venom, Fragile Int+9} (Trog gifted it to you on level 3 of the Snake Pit)
 43709 | Snake:3  | Noticed Louise
 43735 | Snake:3  | Killed Louise
 44204 | Snake:4  | Entered Level 4 of the Snake Pit
 44205 | Snake:4  | Reached skill level 21 in Axes
 45247 | Snake:4  | Received a gift from Trog
 45413 | Snake:4  | Received a gift from Trog
 45419 | Snake:4  | Got an ancient battleaxe {god gift}
 45420 | Snake:4  | Identified the +7 battleaxe of Darkness {freeze, Int+4} (Trog gifted it to you on level 4 of the Snake Pit)
 47265 | Snake:4  | Received a gift from Trog
 47273 | Snake:4  | Got a fine executioner's axe {god gift}
 47324 | Snake:4  | Identified the +4 executioner's axe of the Onslaught {antimagic, *Corrode rF++ Int+3 Stlth+} (Trog gifted it to you on level 4 of the Snake Pit)
 47438 | Snake:4  | Got a serpentine rune of Zot
 47663 | Lair:1   | Got a wavering lapis lazuli ring
 47665 | Lair:1   | Identified the ring of Acvem {*Drain rF++ Int+5 SInv} (You acquired it on level 1 of the Lair of Beasts)
 47667 | Lair:1   | Got a translucent lead ring
 47669 | Lair:1   | Identified the ring of Ropeph {rElec rF+ rN+ Slay+2} (You acquired it on level 1 of the Lair of Beasts)
 47814 | Snake:3  | Bought the +1 pair of gloves of Wypnurut {MR+ Str+3} for 568 gold pieces
 48055 | Elf:1    | Entered Level 1 of the Elven Halls
 48353 | Elf:1    | Reached XP level 19. HP: 156/174 MP: 6/18
 48471 | Elf:1    | Reached skill level 22 in Axes
 49020 | Elf:1    | Reached skill level 15 in Dodging
 49025 | Elf:1    | Identified the Almanac of Arcane Weapons
 49221 | Elf:1    | Received a gift from Trog
 49600 | Elf:1    | Found a portal to a secret trove of treasure.
 49903 | Elf:2    | Received a gift from Trog
 50040 | Elf:2    | Found a runed gate.
 50040 | Elf:2    | Found a runed gate.
 50041 | Elf:2    | Found a runed gate.
 50093 | Elf:2    | Received a gift from Trog
 50140 | Elf:2    | Found an ancient bone altar of Kikubaaqudgha.
 50437 | Elf:2    | Received a gift from Trog
 50467 | Elf:2    | Got a crystal arbalest {god gift}
 50468 | Elf:2    | Identified the +9 arbalest of a wizard's laboratory {velocity, Int+6 Dex-2} (Trog gifted it to you on level 2 of the Elven Halls)
 51538 | Elf:3    | Entered Level 3 of the Elven Halls
 52250 | Elf:3    | Received a gift from Trog
 52450 | Elf:3    | Received a gift from Trog
 52453 | Elf:3    | Noticed a Brimstone Fiend
 52465 | Elf:3    | Cast into level 3 of the Abyss (a deep elf sorcerer)
 52675 | Abyss:3  | Received a gift from Trog
 52866 | Abyss:3  | Reached XP level 20. HP: 108/187 MP: 6/19
 52878 | Abyss:3  | Reached skill level 23 in Axes
 53205 | Elf:3    | Escaped the Abyss
 53455 | Elf:3    | Received a gift from Trog
 54005 | Elf:3    | Got a vibrating bronze amulet
 54006 | Elf:3    | Identified the amulet of Edisarar {Spirit rC+} (You took it off a deep elf elementalist on level 3 of the Elven Halls)
 54034 | Elf:3    | Gained mutation: You expend magic power (3 MP) to strengthen your wands. [a neqoxec]
 54258 | Elf:3    | Identified The Last Grimoire of Boris
 54316 | Elf:3    | Received a gift from Trog
 54402 | Elf:3    | Received a gift from Trog
 54584 | Elf:3    | Found Imnal's Antique Weapon Shoppe.
 54679 | Elf:3    | Received a gift from Trog
 54747 | Elf:3    | Cast into level 3 of the Abyss (hand axe of distortion)
 54876 | Abyss:3  | Found a corrupted altar of Lugonu.
 54889 | Abyss:3  | Received a gift from Trog
 54959 | Abyss:3  | HP: 8/187 [daeva/divine providence (12)]
 54960 | Abyss:3  | Killed from afar by a daeva

Skill      XL: |  1  2  3  4  5  6  7  8  9 10 11 12 13 14 15 16 17 18 19 20 |
---------------+-------------------------------------------------------------+-----
Fighting       | 4 5 6 7 8 9 10 11 12 13 14 15 16 17 18 | 18.1
Axes           | 4 5 6 7 9 10 12 13 15 16 17 18 19 20 21 22 23 | 23.4
Armour         | 4 5 8 9 10 11 12 13 14 15 16 17 | 17.1
Crossbows      | 4 7 10 12 13 15 16 17 18 | 18.0
Dodging        | 6 14 15 16 | 16.0

Action                   |  1- 3 |  4- 6 |  7- 9 | 10-12 | 13-15 | 16-18 | 19-21 || total
-------------------------+-------+-------+-------+-------+-------+-------+-------++-------
Melee: Hand axe          |    35 |   134 |   277 |       |       |       |       ||   446
       Headbutt          |     6 |    30 |    65 |   128 |   223 |   202 |   139 ||   793
       War axe           |       |       |    44 |       |       |       |       ||    44
       Battleaxe         |       |       |     9 |   576 |   768 |   477 |       ||  1830
       Triple crossbow   |       |       |       |       |       |     1 |       ||     1
       Executioner's axe |       |       |       |       |       |   312 |   565 ||   877
 Fire: Arbalest          |       |       |       |    45 |    34 |       |       ||    79
       Triple crossbow   |       |       |       |       |   145 |   323 |    44 ||   512
Throw: Javelin           |       |       |    42 |       |       |       |       ||    42
Invok: Berserk           |     1 |     1 |     4 |     2 |     5 |     4 |     1 ||    18
       Brothers in Arms  |       |       |       |     3 |     1 |     3 |       ||     7
       Burn Spellbooks   |       |       |       |       |     2 |     2 |     5 ||     9
  Use: Scroll            |       |       |     6 |       |    25 |    18 |     5 ||    54
       Potion            |       |       |       |       |     1 |    10 |     2 ||    13
 Stab: Petrified         |       |       |       |       |     7 |       |       ||     7
       Distracted        |       |       |       |       |     1 |       |     1 ||     2
  Eat: Chunk             |       |     9 |    17 |    27 |    55 |    64 |    21 ||   193
       Ration            |       |       |       |     2 |     1 |     1 |       ||     4
Armor: Chain mail        |    20 |    66 |    94 |       |       |       |       ||   180
       Plate armour      |       |       |    85 |   402 |   646 |   603 |   293 ||  2029
Dodge: Dodged            |    12 |    54 |   121 |   217 |   345 |   556 |   312 ||  1617
